 Dungeon Crawl Stone Soup version 0.28-a0-537-g3bccd9ccbf (webtiles) character file.

Game seed: 3787878933403955464

204 SkeletonJelly the Changer (level 5, 0/25 HPs)
             Began as a Vine Stalker Transmuter on Sept 27, 2021.
             Slain by a worm (9 damage)
             ... on level 4 of the Dungeon.
             The game lasted 00:05:15 (4727 turns).

SkeletonJelly the Changer (Vine Stalker Transmuter) Turns: 4727, Time: 00:05:15

Health: 0/25       AC:  2    Str: 13    XL:     5   Next: 82%
Magic:  0/9        EV: 12    Int: 14    God:
Gold:   152        SH:  0    Dex: 14    Spells: 2/8 levels left

rFire   . . .      SeeInvis .     - Unarmed
rCold   . . .      Faith    .   (no shield)
rNeg    . . .      Spirit   +   n - +0 robe {Will+}
rPois   .          Reflect  .   (helmet currently unavailable)
rElec   .          Harm     .   (no cloak)
rCorr   .          Rampage  .   (no gloves)
Will    +....                   (boots currently unavailable)
Stlth   +.........              (no amulet)
HPRegen 1.08/turn               (no ring)
MPRegen 0.11/turn               (no ring)

@: appendages
A: horns 2, talons 2, fangs 2, regeneration 1, magic shield, antimagic bite, no
potion heal 2
a: End Transformation


You were on level 4 of the Dungeon.
You had temporarily grown beastly horns and talons.
You visited 1 branch of the dungeon, and saw 4 of its levels.

You collected 152 gold pieces.

Inventory:

Missiles
 o - 6 silver javelins (quivered)
 u - 14 poisoned darts
Armour
 a - a +0 robe
 e - a +0 helmet
 k - a +0 pair of boots
 n - a +0 robe of willpower (worn)
Scrolls
 b - a scroll of teleportation {unknown}
 c - a scroll of fog {unknown}
 f - 3 scrolls of identify {unknown}
 g - a scroll of brand weapon {unknown}
 h - a scroll of summoning {unknown}
 i - a scroll of enchant armour {unknown}
 j - a scroll of amnesia {unknown}
 r - a scroll of blinking {unknown}
Potions
 d - 2 potions of curing {unknown}
 l - 2 potions of heal wounds {unknown}
 m - 2 potions of flight {unknown}
 p - a potion of brilliance {unknown}
 q - 3 potions of degeneration {unknown}
 s - a potion of lignification {unknown}
 t - a potion of might {unknown}


   Skills:
 - Level 0.8 Fighting
 - Level 1.5 Dodging
 + Level 4.3 Unarmed Combat
 - Level 2.1 Spellcasting
 * Level 4.9 Transmutations


You had 2 spell levels left.
You knew the following spells:

 Your Spells              Type           Power      Damage    Failure   Level
a - Beastly Appendage     Tmut           30%        N/A       3%          1
q - Spider Form           Tmut/Pois      4%         N/A       26%         3
s - Wereblood             Tmut           15%        N/A       4%          2

Your spell library contained the following spells:

 Spells                   Type           Power      Damage    Failure   Level
 Ice Form                 Ice/Tmut       8%         N/A       63%         4


Dungeon Overview and Level Annotations

Branches:
Dungeon (4/15)
 Temple: D:4-7

Altars:


Innate Abilities, Weirdness & Mutations

You have temporarily grown beastly horns and talons.
You have extremely sharp teeth.
Your natural rate of healing is unusually fast.
When hurt, damage is shared between your health and your magic reserves.
Your bite disrupts and absorbs the magic of your enemies.
Potions cannot restore your health.


Message History

The adder hisses angrily.
An adder is nearby!
An adder is nearby!
An adder is nearby!
Casting: Beastly Appendage (safe; 3% risk of failure)
Confirm with . or Enter, or press ? or * to list all spells.
You miscast Wereblood.
You are very lightly contaminated with residual magic.
Nothing appears to happen.
An orc comes into view. It is wielding a +0 dagger.
You now have 7/9 mp.
Casting: Wereblood (safe; 4% risk of failure)
Confirm with . or Enter, or press ? or * to list all spells.
You grow a pair of large bovine horns.
Your feet morph into talons.
The orc shouts!
An orc comes into view. It is wielding a +0 flail.
You now have 6/9 mp.
The orc shouts!
You hit the adder. Your kick misses the adder. Your bite misses the adder.
The adder is severely wounded.
The adder closely misses you. x2
You completely miss the adder. You bite the adder. You drain its power.
You feel invigorated.
The adder is almost dead.
The adder barely misses you.
An orc wizard comes into view. It is wielding a +0 dagger.
The orc wizard shouts!
You hit the adder but do no damage. Your bite misses the adder.
The adder is almost dead.
You hear a shout!
The adder misses you.
An orc comes into view. It is wielding a +0 club.
You hit the adder but do no damage. You bite the adder.
You kill the adder!
The orc hits you with a +0 dagger.
You take 2 damage, and have 23/25 hp.
You now have 6/9 mp.
You hit the orc. You headbutt the orc.
You kill the orc!
An orc comes into view. It is wielding a +0 short sword.
The orc wizard mumbles some strange words.
The orc wizard flickers and vanishes!
Deactivating autopickup; reactivate with Ctrl-A.
The orc moves out of view.
A worm comes into view.
Your magical contamination has completely faded away.
Health restored: 25 You closely miss the orc.
You claw the orc. Your bite misses the orc.
The orc is heavily wounded.
The orc misses you.
You hit the orc but do no damage. Your kick misses the orc.
The orc is heavily wounded.
The orc hits you with a +0 flail.
You take 2 damage, and have 23/25 hp.
You now have 6/9 mp.
You hit the orc but do no damage. You claw the orc, but do no damage.
Your bite misses the orc.
The orc is moderately wounded.
The orc barely misses you.
You hit the orc but do no damage. You bite the orc, but do no damage.
The orc is moderately wounded.
The orc closely misses you.
You hit the orc but do no damage. You headbutt the orc, but do no damage.
You bite the orc. You drain its power.
You feel invigorated.
The orc is heavily wounded.
You hit the orc. You headbutt the orc.
You kill the orc!
Health restored: 25; MP restored: 9 You hit the orc.
You claw the orc.
You kill the orc!
You hit something. You claw something. You barely miss the orc.
You claw the orc. You bite the orc. You drain its power.
The orc is almost dead.
Something hits you. The orc hits you with a +0 short sword.
You take 7 damage, and have 18/25 hp.
MASSIVE DAMAGE!!
You now have 8/9 mp.
You closely miss the orc. Your bite misses the orc.
The orc is almost dead.
Something hits you but does no damage. The orc hits you with a +0 short sword.
You take 2 damage, and have 16/25 hp.
You now have 6/9 mp.
You closely miss the orc. Your kick misses the orc. You bite the orc.
You kill the orc!
Something hits you but does no damage.
Found a book of Spatial Translocations.
Something hits you but does no damage. The worm bites you!
You see here a +0 short sword.
You take 6 damage, and have 11/25 hp.
MASSIVE DAMAGE!!
You now have 3/9 mp.
You are too injured to fight recklessly!
You are too injured to fight recklessly!
You are too injured to fight recklessly!
You are too injured to fight recklessly!
You are too injured to fight recklessly!
You are too injured to fight recklessly!
You completely miss the worm. You claw the worm. You headbutt the worm!
The worm is severely wounded.
Something hits you.
You now have 2/9 mp.
You hit the worm. You claw the worm, but do no damage.
Your headbutt misses the worm. You bite the worm, but do no damage.
The worm is almost dead.
Something hits you. The worm bites you!
You die...

#....# #:...# #....#
#....+ #.... ... #w#
########## ########@#
#........# ........{#
#........# ........##
#........# ........#
#........##### ..(.....#
#........##...
........####.....†..##...
.)..................++...
....................##...
....................##...


You could see a worm.

Vanquished Creatures
  5 gnolls (D:3)
  3 adders
  A dart slug (D:3)
  4 orcs (D:4)
  5 endoplasms
  A giant cockroach (D:4)
  25 goblins
  32 hobgoblins
  2 quokkas (D:1)
  5 ball pythons
  6 bats
  5 frilled lizards
  11 kobolds
  5 rats
110 creatures vanquished.

Notes
Turn   | Place    | Note
-------+----------+-------------------------------------------
     0 | D:1      | SkeletonJelly the Vine Stalker Transmuter began the quest
                  | for the Orb.
     0 | D:1      | Reached XP level 1. HP: 9/9 MP: 4/4
   382 | D:1      | Reached XP level 2. HP: 14/14 MP: 4/6
  1043 | D:1      | Found a faded altar of an unknown god.
  1416 | D:2      | Reached XP level 3. HP: 10/17 MP: 7/7
  2398 | D:2      | Learned a level 2 spell: Wereblood
  3241 | D:3      | Gained mutation: Your natural rate of healing is unusually
                  | fast. [Vine Stalker growth]
  3241 | D:3      | Reached XP level 4. HP: 16/21 MP: 6/8
  3569 | D:3      | Reached XP level 5. HP: 25/25 MP: 3/9
  4005 | D:3      | Learned a level 3 spell: Spider Form
  4727 | D:4      | Slain by a worm

Illustrated notes

Levels and vault maps discovered:
D:1:      minmay_arrival_arboretum_small, layout_basic, serial_glass,
          glass_columns_c, glass_columns_a, dreamdust_ecumenical_altar_grove,
          minmay_tetromino_t2
D:2:      layout_rooms, serial_co_window_serial, co_window_paths_a,
          co_window_paths_a, co_window_paths_a, co_window_paths_a,
          co_window_corner_a, co_window_paths_a, co_window_paths_a,
          co_window_unsneaky_path_c, co_window_of_opportunity_b,
          co_window_broadway_a, glass_columns_a
D:3:      minmay_goblin_kobold_castle, layout_basic
D:4:      layout_basic, uniq_grinder, uniq_pikel, uniq_duvessa

Skill      XL: |  1  2  3  4  5 |
---------------+----------------+-----
Transmutations | 3 4 |  4.9
Unarmed Combat | 4 |  4.3
Fighting       | |  0.8
Dodging        | |  1.5
Spellcasting   | |  2.1

Action                   |  1- 3 |  4- 6 || total
-------------------------+-------+-------++-------
Melee: Unarmed           |    93 |   123 ||   216
       Kick              |    20 |    26 ||    46
       Bite              |    19 |    23 ||    42
       Headbutt          |     9 |    20 ||    29
 Cast: Beastly Appendage |    34 |    16 ||    50
       Wereblood         |     4 |    16 ||    20
       Spider Form       |       |     1 ||     1
 Stab: Sleeping          |     1 |       ||     1
Armor: Robe              |    18 |    14 ||    32
Dodge: Dodged            |    68 |    68 ||   136

Table legend: (Time is in decaauts)
 A = Elapsed time spent in this place.
 B = Non-inter-level travel time spent in this place.
 C = Inter-level travel time spent in this place.
 D = Time resting spent in this place.
 E = Time spent auto-exploring this place.
 F = Levels seen in this place.
 G = Mean time per level.
                   A        B        C        D        E       F      G
               +--------+--------+--------+--------+--------+-----+--------+
         Total |   4717 |   4587 |    130 |     12 |   3916 |   4 | 1179.2 |
       Dungeon |   4717 |   4587 |    130 |     12 |   3916 |   4 | 1179.2 |
               +--------+--------+--------+--------+--------+-----+--------+

Top non-repeatable levels by time:
     D:3: 1989 daAuts
     D:1: 1388 daAuts
     D:2: 1138 daAuts
     D:4: 201 daAuts
